 Dungeon Crawl Stone Soup version 0.21.1-1-g345015f (webtiles) character file.

14807 Mesmaeker13 the Spear-Bearer (level 11, -4/95 HPs)
             Began as a Demigod Wanderer on May 12, 2018.
             Slain by a polar bear (5 damage)
             ... in an ice cave.
             The game lasted 00:34:29 (18073 turns).

Mesmaeker13 the Spear-Bearer (Demigod Wanderer)    Turns: 18073, Time: 00:34:30

Health: -4/95      AC: 16    Str: 21    XL:     11   Next: 62%
Magic:  14/14      EV:  8    Int: 18    God:
Gold:   386        SH:  7    Dex: 13    Spells: 7/10 levels left

rFire    + . .     SeeInvis +   T - +3 trident (flame)
rCold    + + .     Gourm    .   O - +2 buckler {rC+}
rNeg     . . .     Faith    .   D - +2 chain mail {MR+}
rPois    .         Spirit   .   J - +0 helmet
rElec    .         Reflect  .   E - scarf {rC+ rF+}
rCorr    .         Harm     .   w - +0 pair of gloves (curse)
MR       +++..                  (no boots)
Stlth    ..........             (no amulet)
HPRegen  0.25/turn              L - ring of see invisible
MPRegen  0.14/turn              h - ring of protection from magic

@: no status effects
A: high mp 1
a: no special abilities


You were in an ice cave.
You were hungry.

You visited 1 branch of the dungeon, and saw 12 of its levels.
You also visited: Ice Cave.

You collected 733 gold pieces.
You spent 347 gold pieces at shops.

Inventory:

Hand Weapons
 d - a +0 arbalest
 I - a +0 hand crossbow of freezing
 T - a +3 trident of flaming (weapon)
Missiles
 c - 114 bolts
 m - 16 tomahawks (quivered)
Armour
 w - a cursed +0 pair of gloves (worn)
 D - a +2 chain mail of magic resistance (worn)
 E - a scarf of resistance (worn)
 J - a +0 helmet (worn)
 O - a +2 buckler of cold resistance (worn)
Jewellery
 h - a ring of protection from magic (right hand)
 r - an uncursed ring of resist corrosion
 L - a ring of see invisible (left hand)
Wands
 M - a wand of clouds (1)
Scrolls
 j - 3 scrolls of blinking
 k - 5 scrolls of magic mapping
 n - 3 scrolls of immolation
 o - 2 scrolls of fog
 q - 6 scrolls of remove curse
 s - 6 scrolls of enchant armour
 u - a scroll of amnesia
 y - a scroll of enchant weapon
 A - a scroll of fear
 B - a scroll of teleportation
 K - a scroll of torment
Potions
 e - a potion of invisibility
 g - 4 potions of flight
 i - a potion of brilliance {unknown}
 l - a potion of resistance
 p - 2 potions of haste
 t - 2 potions of heal wounds
 z - a potion of curing
 N - a potion of berserk rage {unknown}
 P - a potion of mutation {unknown}
 Q - a potion of ambrosia {unknown}
 S - 2 potions of magic {unknown}
Books
 a - a book of Cantrips

   Spells                             Type                      Level
   a - Confusing Touch                Hexes                        1
   b - Animate Skeleton               Necromancy                   1
   c - Summon Small Mammal            Summoning                    1
   d - Apportation                    Translocation                1
 b - a book of Minor Magic

   Spells                             Type                      Level
   a - Magic Dart                     Conjuration                  1
   b - Blink                          Translocation                2
   c - Call Imp                       Summoning                    2
   d - Slow                           Hexes                        2
   e - Conjure Flame                  Conjuration/Fire             3
   f - Mephitic Cloud                 Conjuration/Poison/Air       3
 v - a Grand Grimoire

   Spells                             Type                      Level
   a - Monstrous Menagerie            Summoning                    7
   b - Summon Greater Demon           Summoning                    7
   c - Malign Gateway                 Summoning/Translocation      7
   d - Summon Horrible Things         Summoning                    8
 x - a book of Callings

   Spells                             Type                      Level
   a - Summon Small Mammal            Summoning                    1
   b - Call Imp                       Summoning                    2
   c - Call Canine Familiar           Summoning                    3
   d - Summon Guardian Golem          Hexes/Summoning              3
   e - Summon Lightning Spire         Summoning/Air                4
   f - Summon Ice Beast               Ice/Summoning                4
 C - a book of Conjurations

   Spells                             Type                      Level
   a - Magic Dart                     Conjuration                  1
   b - Searing Ray                    Conjuration                  2
   c - Dazzling Spray                 Conjuration/Hexes            3
   d - Fulminant Prism                Conjuration/Hexes            4
   e - Force Lance                    Conjuration/Translocation    4
   f - Iskenderun's Mystic Blast      Conjuration                  4
 G - a book of Necromancy

   Spells                             Type                      Level
   a - Pain                           Necromancy                   1
   b - Animate Skeleton               Necromancy                   1
   c - Vampiric Draining              Necromancy                   3
   d - Regeneration                   Charms/Necromancy            3
   e - Animate Dead                   Necromancy                   4
   f - Borgnjor's Vile Clutch         Necromancy/Earth             5
 H - a book of Frost

   Spells                             Type                      Level
   a - Freeze                         Ice                          1
   b - Throw Frost                    Conjuration/Ice              2
   c - Ozocubu's Armour               Charms/Ice                   3
   d - Throw Icicle                   Conjuration/Ice              4
   e - Summon Ice Beast               Ice/Summoning                4
Miscellaneous
 F - a lightning rod (4/4)
 R - a fan of gales
Comestibles
 f - 21 rations


   Skills:
 - Level 8.4 Fighting
 + Level 9.6 Polearms
   Level 1.0 Bows
 + Level 6.8 Crossbows
 - Level 1.0 Throwing
 + Level 9.0 Armour
 - Level 4.0 Shields
 - Level 5.7 Necromancy


You had 7 spell levels left.
You knew the following spells:

 Your Spells              Type           Power        Failure   Level  Hunger
a - Regeneration          Chrm/Necr      ##........   82%         3    ####...


Dungeon Overview and Level Annotations

Branches:
Dungeon (12/15)            Temple (0/1) D:7            Lair (0/6) D:10
    Orc (0/2) D:9

Shops:
D:4 =   D:5 *=[   D:8 (

Annotations:
D:3 bmj180's ghost, amateur MiFi


Innate Abilities, Weirdness & Mutations

You have an increased reservoir of magic. (+10% MP)


Message History

You barely miss the polar bear.
The polar bear is severely wounded.
The polar bear bites you. The polar bear claws you.
You block the polar bear's attack.
You puncture the polar bear! You burn the polar bear.
The polar bear is almost dead.
The polar bear bites you!
* * * LOW HITPOINT WARNING * * *
The polar bear claws you but does no damage. x2
You closely miss the polar bear.
The polar bear is almost dead.
You closely miss the polar bear.
The polar bear is almost dead.
The polar bear goes berserk!
You barely miss the polar bear.
The polar bear is almost dead.
The polar bear bites you!!
* * * LOW HITPOINT WARNING * * *
The polar bear claws you.
You die...

.h h. ... #### ....
#### ##..## ....#
##..#####....##
#....##.(.(##.......#
#.......#....(.†@.∩.#
#......###....(h....#
.#...### ##..##....##
....# ######..## ....
#### ... .. ..


You could see a polar bear (berserk).

Vanquished Creatures
  Erolcha (D:11)
  A death knight (D:11)
  2 two-headed ogres
  An unseen horror (D:10)
  Pikel (D:8)
  An ugly thing (D:8)
  Joseph (D:8)
  3 polar bears (IceCv)
  A meliai (D:8)
  4 trolls
  2 hippogriffs (D:9)
  11 yaks
  A wraith (D:11)
  A spriggan (D:10)
  A basilisk (D:10)
  2 hungry ghosts
  An acid dragon (D:10)
  Duvessa (D:5)
  A water moccasin (D:8)
  3 porcupines (D:10)
  6 ice beasts
  6 orc warriors
  A phantom (D:9)
  2 sky beasts
  A necrophage (D:10)
  3 ogres
  3 centaurs
  4 wolves (IceCv)
  A big kobold (D:10)
  3 crocodiles (D:10)
  7 bullfrogs
  A water moccasin zombie (D:6)
  2 wyvern zombies
  2 wyvern skeletons
  Dowan (D:5)
  3 scorpions
  5 killer bees (D:11)
  3 howler monkeys
  6 electric eels (D:10)
  6 crimson imps
  A bullfrog zombie (D:7)
  A centaur zombie (D:8)
  A quasit (D:7)
  4 jellies
  5 hounds
  14 orc wizards
  11 orc priests
  A bullfrog skeleton (D:5)
  Jessica (D:3)
  A centaur skeleton (D:7)
  7 iguanas
  6 worker ants
  A hound zombie (D:10)
  A hound skeleton (D:6)
  8 adders
  A shadow imp (D:8)
  2 oozes
  2 worms (D:3)
  5 dart slugs
  2 leopard geckos
  57 orcs
  5 giant cockroaches
  9 goblins
  7 hobgoblins
  8 jackals
  11 kobolds
  4 quokkas
  A ball python (D:4)
  4 bats
  4 frilled lizards
  A jackal skeleton (D:4)
  A leopard gecko skeleton (D:6)
  17 rats
310 creatures vanquished.

Vanquished Creatures (others)
  4 slaves (D:9)
  A bullfrog skeleton (D:9)
  An iguana (D:9)
  An orc (D:9)
  A quokka skeleton (D:10)
  2 bushes (D:10)
  4 fungi (D:10)
  5 plants (D:10)
19 creatures vanquished.

Grand Total: 329 creatures vanquished

Notes
Turn   | Place    | Note
-------+----------+-------------------------------------------
     0 | D:1      | Mesmaeker13 the Demigod Wanderer began the quest for the Orb.
     0 | D:1      | Mesmaeker13 set off with: a +2 scale mail, a +0 hand crossbow, 31 bolts, a potion of lignification, a ration
     0 | D:1      | Reached XP level 1. HP: 19/19 MP: 3/3
   171 | D:1      | Reached XP level 2. HP: 20/27 MP: 4/4
   575 | D:1      | Reached XP level 3. HP: 33/33 MP: 5/5
   704 | D:1      | Reached skill level 1 in Polearms
   835 | D:2      | Found a burning altar of Makhleb.
   835 | D:2      | Found a glowing silver altar of Zin.
   836 | D:2      | Noticed an angel
   836 | D:2      | Noticed an Executioner
  1501 | D:2      | Reached XP level 4. HP: 40/40 MP: 6/6
  1523 | D:2      | Found a white marble altar of Elyvilon.
  1599 | D:3      | Noticed bmj180's ghost (amateur MiFi)
  2240 | D:4      | Noticed an ogre
  2278 | D:4      | HP: 1/41 [ogre/giant club (16)]
  2283 | D:4      | Killed an ogre
  2283 | D:4      | Reached XP level 5. HP: 26/47 MP: 7/7
  2667 | D:4      | Found Qelor's Jewellery Shop.
  2828 | D:4      | You fall through a shaft for 3 floors!
  2841 | D:7      | Reached XP level 6. HP: 45/55 MP: 8/8
  2899 | D:7      | Found a staircase to the Ecumenical Temple.
  3003 | D:7      | Reached skill level 5 in Fighting
  3580 | D:7      | Reached XP level 7. HP: 53/61 MP: 9/9
  4369 | D:7      | HP: 3/63 [orc warrior/battleaxe (17)]
  4794 | D:7      | Noticed a yak
  4794 | D:7      | Noticed a yak
  4794 | D:7      | Noticed a yak
  4830 | D:7      | Killed a yak
  4830 | D:7      | Reached skill level 5 in Armour
  4830 | D:7      | Reached XP level 8. HP: 58/71 MP: 10/10
  4855 | D:7      | Reached skill level 5 in Polearms
  4870 | D:7      | HP: 3/71 [yak (4)]
  5445 | D:5      | Entered Level 5 of the Dungeon
  5445 | D:5      | Noticed Duvessa
  5445 | D:5      | Noticed Dowan
  5686 | D:5      | Found Mopoosui's General Store.
  6098 | D:3      | Found a sacrificial altar of Ru.
  6098 | D:3      | Found a hide-covered altar of Uskayaw.
  6108 | D:3      | Found a blossoming altar of Fedhas.
  6110 | D:3      | Found a glowing golden altar of the Shining One.
  6112 | D:3      | Found an opulent altar of Gozag.
  6434 | D:3      | Noticed Jessica
  6444 | D:3      | Killed Jessica
  6958 | D:5      | Reached XP level 9. HP: 78/79 MP: 11/11
  7270 | D:5      | Found Mumir's Antique Armour Shoppe.
  7290 | D:5      | Bought a glowing chain mail for 172 gold pieces
  7325 | D:5      | Found Doagomp's Jewellery Shop.
  7589 | D:5      | Killed Duvessa
  7593 | D:5      | Killed Dowan
  8261 | D:6      | Found a shimmering altar of Xom.
  9615 | D:8      | Found Oduxox's Antique Weapon Boutique.
  9621 | D:8      | Bought a glowing hand crossbow for 175 gold pieces
  9913 | D:8      | Noticed a two-headed ogre
  9915 | D:8      | Noticed Joseph
 10247 | D:8      | Killed Joseph
 10640 | D:9      | Learned a level 3 spell: Regeneration
 10677 | D:9      | Noticed a two-headed ogre
 11012 | D:9      | Noticed a two-headed ogre
 11012 | D:9      | Reached skill level 1 in Necromancy
 11135 | D:8      | Killed a two-headed ogre
 11135 | D:8      | Reached XP level 10. HP: 90/90 MP: 13/13
 11152 | D:9      | Noticed Pikel
 11168 | D:8      | Killed Pikel
 11746 | D:9      | Found a sparkling altar of Nemelex Xobeh.
 11749 | D:9      | Found an ancient bone altar of Kikubaaqudgha.
 11750 | D:9      | Found an iron altar of Okawaru.
 11750 | D:9      | Found a deep blue altar of Sif Muna.
 11753 | D:9      | Found a radiant altar of Vehumet.
 12603 | D:9      | Found a blossoming altar of Fedhas.
 12822 | D:9      | Found a staircase to the Orcish Mines.
 13199 | D:10     | Entered Level 10 of the Dungeon
 13455 | D:10     | Noticed a green ugly thing
 14057 | D:8      | Killed a green ugly thing
 14057 | D:8      | Reached skill level 5 in Crossbows
 14678 | D:10     | Found a staircase to the Lair.
 14725 | D:10     | Noticed an unseen horror
 14737 | D:10     | Killed an unseen horror
 14861 | D:10     | Reached XP level 11. HP: 48/95 MP: 14/14
 16693 | D:11     | Reached skill level 5 in Necromancy
 16766 | D:11     | Noticed Erolcha
 16783 | D:11     | Killed Erolcha
 16833 | D:11     | Noticed an unseen horror
 16833 | D:11     | Noticed a death knight
 16945 | D:12     | Noticed a two-headed ogre
 16948 | D:11     | Noticed a two-headed ogre
 16966 | D:11     | Killed a two-headed ogre
 16972 | D:11     | Killed a death knight
 17254 | D:11     | Found a frozen archway.
 17263 | IceCv    | Entered an ice cave
 18073 | IceCv    | HP: 1/95 [polar bear (18)]
 18073 | IceCv    | Slain by a polar bear

Skill      XL: |  1  2  3  4  5  6  7  8  9 10 11 |
---------------+----------------------------------+-----
Crossbows      | 2 3 5 6 |  6.8
Fighting       | 4 5 6 7 8 |  8.4
Polearms       | 1 2 3 4 6 7 8 9 |  9.6
Armour         | 2 3 4 5 6 7 9 |  9.0
Necromancy     | 1 4 5 |  5.7
Shields        | 4 |  4.0
Bows           | |  1.0
Throwing       | |  1.0

Action                   |  1- 3 |  4- 6 |  7- 9 | 10-12 || total
-------------------------+-------+-------+-------+-------++-------
Melee: Spear             |   110 |   143 |   579 |   243 ||  1075
       Trident           |       |       |       |   378 ||   378
 Fire: Hand crossbow     |    20 |       |     4 |    34 ||    58
Throw: Tomahawk          |       |       |       |     2 ||     2
Evoke: Wand              |       |       |     1 |     4 ||     5
  Use: Scroll            |       |     8 |     5 |     8 ||    21
       Potion            |       |     2 |     2 |     6 ||    10
 Stab: Confused          |       |       |     2 |     1 ||     3
       Invisible         |       |       |       |     4 ||     4
  Eat: Chunk             |     2 |     7 |    19 |    16 ||    44
       Ration            |       |       |     3 |     4 ||     7
Armor: Scale mail        |    52 |    29 |   119 |       ||   200
       Skin              |       |     1 |       |       ||     1
       Chain mail        |       |       |   122 |   242 ||   364
Dodge: Dodged            |    45 |    31 |   167 |   165 ||   408
Block: Buckler           |       |       |     9 |   150 ||   159
